 Dungeon Crawl Stone Soup version 0.31-a0-185-g9dded2c639 (webtiles) character file.

Game seed: 15810145450414009386

163 qw the Skirmisher (level 5, -1/29 HPs)
             Began as a Deep Elf Hunter on June 22, 2023.
             Slain by a river rat (2 damage)
             ... in a sewer.
             The game lasted 00:00:50 (1668 turns).

qw the Skirmisher (Deep Elf Hunter)                 Turns: 1668, Time: 00:00:51

Health: -1/29      AC:  6    Str: 10    XL:     5   Next: 20%
Magic:  7/7        EV: 11    Int: 14    God:
Gold:   82         SH:  5    Dex: 18    Spells: 4/4 levels left

rFire   . . .        Y - +0 shortbow
rCold   . . .        (shield currently unavailable)
rNeg    + . .        f - +0 ring mail
rPois   .            (no helmet)
rElec   .            (no cloak)
rCorr   .            (no gloves)
SInv    .            j - +0 pair of boots
Will    .....        h - amulet of reflection
Stlth   +            a - ring of positive energy
HPRegen 0.24/turn    (no ring)
MPRegen 0.10/turn

%: reflection
@: no status effects
A: no striking features
a: no special abilities


You were in a sewer.
You visited 1 branch of the dungeon, and saw 3 of its levels.
You also visited: Sewer.

You collected 82 gold pieces.


   Skills:
 - Level 1.5 Fighting
 + Level 8.6 Ranged Weapons
 - Level 2.4 Dodging
 - Level 1.2 Stealth


You had 4 spell levels left.
You didn't know any spells.
Your spell library was empty.

Inventory:

Hand Weapons
 Y - a +0 shortbow (weapon)
Armour
 f - a +0 ring mail (worn)
 j - a +0 pair of boots (worn)
Jewellery
 a - a ring of positive energy (left hand)
 h - an amulet of reflection (around neck)
Scrolls
 b - 3 scrolls of identify
 c - a scroll of fear {unknown}
 g - a scroll of amnesia {unknown}
Potions
 d - a potion of curing {unknown}
 e - 2 potions of resistance
 i - a potion of heal wounds {unknown}
 k - 5 potions of enlightenment

Dungeon Overview and Level Annotations

Branches:
Dungeon (3/15)              Sewer (1/1)

Altars:


Message History

The arrow hits the river rat but does no damage.
The river rat bites you.
The river rat bites you but does no damage.
You shoot an arrow. The arrow closely misses the river rat.
The river rat bites you but does no damage.
You shoot an arrow.
The arrow hits the river rat but does no damage.
The river rat closely misses you.
You shoot an arrow. The arrow hits the river rat.
The river rat is lightly wounded.
The river rat barely misses you.
You shoot an arrow. The arrow closely misses the river rat.
The river rat barely misses you.
You shoot an arrow. The arrow hits the river rat.
The river rat is moderately wounded.
The river rat closely misses you.
You shoot an arrow. The arrow barely misses the river rat.
You block the river rat's attack. The river rat barely misses you.
You shoot an arrow.
The arrow hits the river rat but does no damage.
The river rat is moderately wounded.
The river rat closely misses you.
You shoot an arrow. The arrow barely misses the river rat.
The river rat bites you.
You shoot an arrow. The arrow closely misses the river rat.
The river rat misses you.
You shoot an arrow. The arrow barely misses the river rat.
You block the river rat's attack.
You shoot an arrow. The arrow barely misses the river rat.
The river rat closely misses you.
You shoot an arrow.
The arrow hits the river rat but does no damage.
The river rat is moderately wounded.
The river rat bites you.
You shoot an arrow. The arrow hits the river rat.
The river rat is severely wounded.
You block the river rat's attack.
You shoot an arrow. The arrow closely misses the river rat.
The river rat bites you.
You die...

~.~.~~~~# ###...
~~~~~~~~####.....
~~~~~~~~##.......
#####~~~###.....# #~~.# #######
#~~.# #####++#####~~~#
........~.~~~~.#
......r@.~~~~~.#
#####''#####~~~# #... #~~~#
#### #~~~#
#####################~~~#######
~~~~~~~.~~~~~~~~....~~~~~~~~~~~
~~~~~~~~~~~~~~~~~~~~~~~~~~~~~~~
~~~..~~~~~~~~~.~~.~~.~~~~~~~~~~
###############################


You could see a river rat.

Vanquished Creatures
  Jessica (D:2)
  4 adders
  4 river rats
  A dart slug (D:2)
  12 ball pythons
  9 bats
  2 endoplasms
  3 giant cockroaches
  6 goblins
  6 hobgoblins
  2 jackals (Sewer)
  4 quokkas
  3 frilled lizards
  2 kobolds
  6 rats
65 creatures vanquished.

Notes
Turn   | Place    | Note
-------+----------+-------------------------------------------
     0 | D:1      | qw the Deep Elf Hunter began the quest for the Orb.
     0 | D:1      | Reached XP level 1. HP: 12/12 MP: 3/3
     0 | D:1      | 0 ||| qw: Version: 0.3-a-9-g12657ce
     0 | D:1      | 0 ||| qw: Game counter: 1888
     0 | D:1      | 0 ||| qw: Always use a shield: true
     0 | D:1      | 0 ||| qw: God list: Okawaru
     0 | D:1      | 0 ||| qw: Allow faded altars: false
     0 | D:1      | 0 ||| qw: Do Orc after D:15 true
     0 | D:1      | 0 ||| qw: Do second Lair branch before Depths: true
     0 | D:1      | 0 ||| qw: Lair rune preference: random
     0 | D:1      | 0 ||| qw: Plans: Normal
     0 | D:1      | 0 ||| PLANNING D:1-11
   136 | D:1      | Reached skill level 6 in Ranged Weapons
   136 | D:1      | Reached XP level 2. HP: 16/16 MP: 4/4
   786 | D:1      | 786 ||| READING scroll labelled HAFEHI PEXKEV.
   787 | D:1      | 787 ||| READING scroll labelled CUQEPO JIWEIT.
   788 | D:1      | 788 ||| READING 2 scrolls labelled YWOMUR GEHIWN.
   789 | D:1      | 789 ||| READING scroll labelled UGASSUMMASCH.
   790 | D:1      | 790 ||| DROPPING scroll of butterflies.
   791 | D:1      | 791 ||| DROPPING scroll of vulnerability.
   827 | D:2      | Reached XP level 3. HP: 20/20 MP: 5/5
   830 | D:2      | 830 ||| FLEEEEING.
   831 | D:2      | 831 ||| FLEEEEING.
   832 | D:2      | 832 ||| FLEEEEING.
   833 | D:2      | 833 ||| FLEEEEING.
   834 | D:2      | 834 ||| FLEEEEING.
   835 | D:2      | 835 ||| FLEEEEING.
   836 | D:2      | 836 ||| STAIRDANCE
   852 | D:1      | 852 ||| UPGRADING to ring of positive energy.
   912 | D:2      | Reached skill level 7 in Ranged Weapons
   927 | D:2      | Noticed Jessica
   928 | D:2      | Killed Jessica
   929 | D:2      | Reached XP level 4. HP: 25/25 MP: 6/6
  1195 | D:2      | 1195 ||| UPGRADING to +0 pair of boots.
  1200 | D:2      | 1200 ||| UPGRADING to amulet of reflection.
  1205 | D:2      | 1205 ||| READING scroll labelled ZUUTYP GOGRA.
  1209 | D:2      | 1209 ||| READING scroll labelled TEOSOFE YGHYQ.
  1210 | D:2      | 1210 ||| DRINKING 3 grey potions.
  1236 | D:3      | 1236 ||| PLANNING SEWER
  1292 | D:3      | 1292 ||| Stepping ~*~*~tactically~*~*~ (water).
  1294 | D:3      | 1294 ||| Stepping ~*~*~tactically~*~*~ (water).
  1296 | D:3      | 1296 ||| Stepping ~*~*~tactically~*~*~ (water).
  1362 | D:3      | Found a glowing drain.
  1367 | D:3      | Reached skill level 8 in Ranged Weapons
  1379 | D:3      | 1379 ||| UPGRADING to +0 ring mail.
  1389 | D:3      | 1389 ||| DROPPING +0 leather armour.
  1393 | Sewer    | Entered a sewer
  1504 | Sewer    | 1504 ||| Stepping ~*~*~tactically~*~*~ (water).
  1507 | Sewer    | Reached XP level 5. HP: 29/29 MP: 7/7
  1560 | Sewer    | 1560 ||| Stepping ~*~*~tactically~*~*~ (water).
  1648 | Sewer    | HP: 7/29 [river rat (7)]
  1650 | Sewer    | HP: 2/29 [river rat (5)]
  1662 | Sewer    | HP: 2/29 [river rat (3)]
  1668 | Sewer    | Slain by a river rat

Levels and vault maps discovered:
D:1:      matt_arrival_grand_opening, layout_loops_corners,
          minmay_misc_feat_four_crosses
D:2:      layout_rooms, uniq_jessica
D:3:      layout_basic, gup_sewer_entry_spiral, serial_forest,
          infiniplex_forest_corner_2, infiniplex_forest_straight_2,
          infiniplex_forest_3_way, infiniplex_forest_clump_double,
          infiniplex_forest_end_1, infiniplex_forest_lined_2,
          infiniplex_forest_clump_C, shapermc_ecumenical_altar_mp_ritualfount,
          nicolae_concentric_dashed_squares_mild, hex_tiny
Sewer:    sewer_fruit_machine

Skill      XL: |  1  2  3  4 |
---------------+-------------+-----
Ranged Weapons | 6 7 8 |  8.6
Fighting       | |  1.5
Dodging        | |  2.4
Stealth        | |  1.2

Action                     |  1- 3 |  4- 6 || total
---------------------------+-------+-------++-------
   Fire: Shortbow          |    87 |   117 ||   204
    Use: Scroll            |     4 |     2 ||     6
         Potion            |       |     1 ||     1
 Armour: Leather armour    |     2 |     5 ||     7
         Ring mail         |       |    17 ||    17
  Dodge: Dodged            |    10 |    51 ||    61
  Block: Other             |       |    15 ||    15

Table legend:
 A = Non-vault XP
 B = Vault XP
 C = Vault XP percentage of total XP
 D = Non-vault monster count
 E = Vault monster count
 F = Vault count percentage of total count
                 A         B        C        D         E       F
            +---------+---------+-------+---------+---------+-------
      Total |      91 |     143 |  61.1 |      41 |      24 |  36.9
            +---------+---------+-------+---------+---------+-------
        D:1 |      38 |       0 |   0.0 |      23 |       0 |   0.0
        D:2 |      39 |      37 |  48.7 |      17 |       1 |   5.6
        D:3 |      14 |      31 |  68.9 |       1 |       6 |  85.7
      Sewer |       0 |      75 | 100.0 |       0 |      17 | 100.0
            +---------+---------+-------+---------+---------+-------
